 Dungeon Crawl Stone Soup version 0.31.0-11-ge490571c62 (webtiles) character file.

Game seed: 7122850351729422254

157 qw the Skirmisher (level 5, -2/29 HPs)
             Began as a Deep Elf Hunter on Feb 4, 2024.
             Slain by Duvessa
             ... wielding a +0 short sword
              (10 damage)
             ... on level 4 of the Dungeon.
             The game lasted 00:00:11 (2908 turns).

qw the Skirmisher (Deep Elf Hunter)                 Turns: 2908, Time: 00:00:11

Health: -2/29      AC:  5    Str: 10    XL:     5   Next: 15%
Magic:  7/7        EV: 12    Int: 14    God:
Gold:   152        SH:  0    Dex: 18    Spells: 4/4 levels left

rFire   . . .        a - +0 shortbow
rCold   + . .        (shield currently unavailable)
rNeg    . . .        c - +0 leather armour
rPois   .            (no helmet)
rElec   .            (no cloak)
rCorr   .            (no gloves)
SInv    .            l - +1 pair of boots
Will    .....        g - amulet of faith
Stlth   ++           f - ring of protection from cold
HPRegen 0.24/turn    (no ring)
MPRegen 0.10/turn

%: faith
@: no status effects
A: no striking features
a: no special abilities


You were on level 4 of the Dungeon.
You visited 1 branch of the dungeon, and saw 4 of its levels.

You collected 152 gold pieces.


   Skills:
 - Level 1.5 Fighting
 + Level 8.6 Ranged Weapons
 - Level 2.4 Dodging
 - Level 1.2 Stealth


You had 4 spell levels left.
You didn't know any spells.
Your spell library was empty.

Inventory:

Hand Weapons
 a - a +0 shortbow (weapon)
Armour
 c - a +0 leather armour (worn)
 l - a +1 pair of boots (worn)
Jewellery
 f - a ring of protection from cold (left hand)
 g - an amulet of faith (around neck)
Potions
 d - a potion of curing
 e - a potion of lignification {unknown}
 h - a potion of degeneration {unknown}
 i - a potion of ambrosia {unknown}
 k - a potion of resistance

Dungeon Overview and Level Annotations

Branches:
Dungeon (4/15)
 Temple: D:4-7

Altars:

Shops:
D:2 [

Annotations:
D:4 Duvessa


Message History

The ball python grabs you. The ball python constricts you.
You shoot an arrow. The arrow hits the ball python!
You kill the ball python!
Dowan, Brother of Duvessa comes into view.
He is wielding a +0 dagger.
You shoot an arrow. The arrow hits Dowan!
Dowan shouts!
Dowan is heavily wounded.
You shoot an arrow. The arrow hits Dowan.
Dowan is almost dead.
A goblin comes into view. It is wielding a +0 dagger.
You shoot an arrow. The goblin shouts!
The arrow hits Dowan!
You kill Dowan!
You hear a distant scream of rage.
You have reached level 5!
Duvessa, Sister of Dowan comes into view.
She is wielding a +0 short sword.
You shoot an arrow.
Duvessa shouts!
The arrow hits Duvessa.
Duvessa is moderately wounded.
Duvessa goes berserk!
You shoot an arrow. The arrow barely misses Duvessa.
2904 ||| RETREEEEATING.
You shoot an arrow.
The arrow hits Duvessa but does no damage.
Duvessa is moderately wounded.
You shoot an arrow. The arrow hits the goblin.
The goblin is severely wounded.
Duvessa hits you with a +0 short sword!
2907 ||| RETREEEEATING.
Duvessa rages.
Duvessa attacks as she pursues you! Duvessa barely misses you.
You shoot an arrow.
The arrow hits Duvessa but does no damage.
Duvessa is lightly wounded.
Duvessa hits you with a +0 short sword!
Ouch! That really hurt!
Duvessa hits you with a +0 short sword!
You die...

#...#.# ......# g
......## ####.
.#.#...#####..).
.#...#...[...#g#
##
.###.#######...##
#... .# #.# #!..
...# .# #<#
#.###..# .# #.#
#.e@...# .#
#.###### #.##...#
.# #......# #.#
.### .# ######.#
#.# .# .# #.#
#.##.###. .# #.#
#.%.....# .# #.#
#.#...... .#
##.## #.#..###.
.# ##...###.# ...


You could see Duvessa (berserk).

Vanquished Creatures
  Dowan (D:4)
  5 adders
  A ribbon worm (D:2)
  A dart slug (D:2)
  7 endoplasms
  2 giant cockroaches (D:1)
  3 hobgoblins
  9 kobolds
  5 quokkas
  7 ball pythons
  8 bats
  7 frilled lizards
  5 goblins
  3 rats
64 creatures vanquished.

Notes
Turn   | Place    | Note
-------+----------+-------------------------------------------
     0 | D:1      | qw the Deep Elf Hunter began the quest for the Orb.
     0 | D:1      | Reached XP level 1. HP: 12/12 MP: 3/3
     0 | D:1      | 0 ||| qw: Version: 0.3-a-160-g6735b56
     0 | D:1      | 0 ||| qw: Game counter: 4463
     0 | D:1      | 0 ||| qw: Melee chars always use a shield: true
     0 | D:1      | 0 ||| qw: God list: Okawaru
     0 | D:1      | 0 ||| qw: Allow faded altars: false
     0 | D:1      | 0 ||| qw: Do Orc after clearing Dungeon:15 true
     0 | D:1      | 0 ||| qw: Do second Lair branch before Depths: true
     0 | D:1      | 0 ||| qw: Lair rune preference: random
     0 | D:1      | 0 ||| qw: Goals: Normal
     0 | D:1      | 0 ||| PLANNING D:1-11
   310 | D:1      | Reached XP level 2. HP: 16/16 MP: 4/4
   349 | D:1      | Reached skill level 6 in Ranged Weapons
   808 | D:1      | Reached XP level 3. HP: 20/20 MP: 5/5
  1012 | D:1      | 1012 ||| UPGRADING to amulet of faith.
  1017 | D:1      | 1017 ||| UPGRADING to ring of protection from cold.
  1018 | D:1      | 1018 ||| READING 2 scrolls labelled MUSHRA KYICS.
  1022 | D:1      | 1022 ||| DROPPING scroll of butterflies.
  1070 | D:2      | Reached skill level 7 in Ranged Weapons
  1107 | D:2      | HP: 4/20 [quokka (4)]
  1108 | D:2      | 1108 ||| READING scroll of teleportation.
  1111 | D:2      | Found Qarileqeh's Armour Shoppe.
  1183 | D:2      | 1183 ||| SHOPLISTING +0 robe of Distant Worlds {rPois rN+}
                  | (209 gold, have 57).
  1183 | D:2      | 1183 ||| SHOPLISTING +1 leather armour of fire resistance
                  | (182 gold, have 57).
  1183 | D:2      | 1183 ||| SHOPLISTING +4 ring mail of poison resistance (364
                  | gold, have 57).
  1545 | D:2      | Reached XP level 4. HP: 25/25 MP: 6/6
  1885 | D:2      | 1885 ||| DRINKING 2 sedimented cyan potions.
  1922 | D:3      | 1922 ||| STAIRDANCE
  2388 | D:3      | Reached skill level 8 in Ranged Weapons
  2653 | D:3      | 2653 ||| UPGRADING to +0 pair of boots.
  2658 | D:3      | 2658 ||| READING 2 scrolls labelled MALOIS CECIW.
  2658 | D:3      | 2658 ||| IDENTIFYING purple potion
  2659 | D:3      | 2659 ||| READING scroll of identify.
  2659 | D:3      | 2659 ||| IDENTIFYING fuming coppery potion
  2660 | D:3      | 2660 ||| READING scroll labelled UKLOXZEOME.
  2661 | D:3      | 2661 ||| READING scroll labelled NUECZO GITONEO.
  2661 | D:3      | 2661 ||| ENCHANTING +0 pair of boots.
  2662 | D:3      | 2662 ||| READING 2 scrolls labelled LOSTRU WUJUAG.
  2763 | D:3      | 2763 ||| DRINKING 2 dark potions.
  2764 | D:3      | 2764 ||| FLEEEEING.
  2765 | D:3      | 2765 ||| FLEEEEING.
  2766 | D:3      | 2766 ||| FLEEEEING.
  2767 | D:3      | 2767 ||| FLEEEEING.
  2768 | D:3      | 2768 ||| FLEEEEING.
  2769 | D:3      | 2769 ||| FLEEEEING.
  2770 | D:3      | 2770 ||| FLEEEEING.
  2771 | D:3      | 2771 ||| FLEEEEING.
  2772 | D:3      | 2772 ||| FLEEEEING.
  2773 | D:3      | 2773 ||| FLEEEEING.
  2774 | D:3      | 2774 ||| FLEEEEING.
  2775 | D:3      | 2775 ||| FLEEEEING.
  2776 | D:3      | 2776 ||| FLEEEEING.
  2777 | D:3      | 2777 ||| FLEEEEING.
  2778 | D:3      | 2778 ||| FLEEEEING.
  2779 | D:3      | 2779 ||| FLEEEEING.
  2780 | D:3      | 2780 ||| FLEEEEING.
  2781 | D:3      | 2781 ||| FLEEEEING.
  2782 | D:3      | 2782 ||| FLEEEEING.
  2783 | D:3      | 2783 ||| FLEEEEING.
  2784 | D:3      | 2784 ||| FLEEEEING.
  2785 | D:3      | 2785 ||| FLEEEEING.
  2786 | D:3      | 2786 ||| FLEEEEING.
  2787 | D:3      | 2787 ||| FLEEEEING.
  2788 | D:3      | 2788 ||| FLEEEEING.
  2789 | D:3      | 2789 ||| FLEEEEING.
  2790 | D:3      | 2790 ||| FLEEEEING.
  2791 | D:3      | 2791 ||| FLEEEEING.
  2792 | D:3      | 2792 ||| FLEEEEING.
  2793 | D:3      | 2793 ||| FLEEEEING.
  2794 | D:3      | 2794 ||| FLEEEEING.
  2795 | D:3      | 2795 ||| FLEEEEING.
  2796 | D:3      | 2796 ||| FLEEEEING.
  2797 | D:3      | 2797 ||| FLEEEEING.
  2798 | D:3      | 2798 ||| FLEEEEING.
  2799 | D:3      | 2799 ||| FLEEEEING.
  2800 | D:3      | 2800 ||| FLEEEEING.
  2801 | D:3      | 2801 ||| FLEEEEING.
  2802 | D:3      | 2802 ||| FLEEEEING.
  2803 | D:3      | 2803 ||| FLEEEEING.
  2804 | D:3      | 2804 ||| FLEEEEING.
  2805 | D:3      | 2805 ||| DROPPING potion of invisibility.
  2806 | D:3      | 2806 ||| DROPPING potion of berserk rage.
  2807 | D:3      | 2807 ||| DROPPING scroll of vulnerability.
  2898 | D:4      | Noticed Dowan
  2901 | D:4      | Killed Dowan
  2902 | D:4      | Reached XP level 5. HP: 29/29 MP: 7/7
  2902 | D:4      | Noticed Duvessa
  2904 | D:4      | 2904 ||| RETREEEEATING.
  2907 | D:4      | 2907 ||| RETREEEEATING.
  2908 | D:4      | Slain by Duvessa

Levels and vault maps discovered:
D:1:      eino_arrival_water_star, layout_loops_corners,
          minmay_misc_feat_square, minivault_11, lexackson_kobold_supper
D:2:      layout_basic, serial_shops, nicolae_shop_tiny_waterfront
D:3:      layout_loops_cross, grunt_ministairs_8, corexii_corridor_pit
D:4:      layout_loops_ring, temple_hall, uniq_duvessa, uniq_edmund

Skill      XL: |  1  2  3  4 |
---------------+-------------+-----
Ranged Weapons | 6 7 8 |  8.6
Fighting       | |  1.5
Dodging        | |  2.4
Stealth        | |  1.2

Action                     |  1- 3 |  4- 6 || total
---------------------------+-------+-------++-------
   Fire: Shortbow          |   157 |    71 ||   228
    Use: Scroll            |     2 |     5 ||     7
         Potion            |       |     2 ||     2
 Armour: Leather armour    |    32 |    18 ||    50
  Dodge: Dodged            |    47 |    20 ||    67

Table legend:
 A = Non-vault XP
 B = Vault XP
 C = Vault XP percentage of total XP
 D = Non-vault monster count
 E = Vault monster count
 F = Vault count percentage of total count
                 A         B        C        D         E       F
            +---------+---------+-------+---------+---------+-------
      Total |     150 |      75 |  33.3 |      53 |      11 |  17.2
            +---------+---------+-------+---------+---------+-------
        D:1 |      37 |      10 |  21.3 |      23 |       8 |  25.8
        D:2 |      74 |       1 |   1.3 |      20 |       1 |   4.8
        D:3 |      38 |       1 |   2.6 |       9 |       1 |  10.0
        D:4 |       1 |      63 |  98.4 |       1 |       1 |  50.0
            +---------+---------+-------+---------+---------+-------
